zoologist, lawful male human Archeologist -------------------------- |>....................%..| |.....[.----------------.| -------.------ |.| |....h......| |.| |.`.`@).....| |.| --------.----| |.| |............| |.| |............| |.| -----.-------- ------|.| |..........| --|.....|.| |..........| |.+.....|.| |........%-- |-|.....|.| -------.---- |.+.....+.| |........| |-|.....|-- |........| |.+.....| |...------ --|.....| ----- ------- zoologist the Investigator Experience level: 6 Strength: 17 Dexterity: 9 Constitution: 15 Intelligence: 15 Wisdom: 13 Charisma: 8 Health: 0(40) Energy: 28(28) Def: 3 Gold: 359 Moves: 5453 Dungeon seed: vxK_ennpcTYtttLK Game ID: zoologist_1526271936 Your Inventory: Coins $ - 359 gold pieces Weapons i - a blessed -1 dwarvish mattock (weapon in hands) Armor n - an uncursed +0 fedora r - an uncursed +0 ring mail (being worn) z - a cursed -1 orcish helm (being worn) Comestibles f - an uncursed clove of garlic U - an uncursed slime mold W - 2 uncursed pancakes Z - an uncursed partly eaten food ration Scrolls B - an uncursed scroll of food detection D - an uncursed scroll of remove curse M - 2 uncursed scrolls of earth Rings j - an uncursed ring of poison resistance (on right hand) m - an uncursed ring of fire resistance o - an uncursed ring of polymorph control (on left hand) t - an uncursed ring of sustain ability J - an uncursed ring of fire resistance V - a cursed ring of protection from shape changers X - an uncursed ring of cold resistance Wands h - a wand of sleep (0:0) k - a wand of fire (0:7) l - a wand of striking (0:5) I - a wand of probing (0:3) S - a wand of make invisible (0:7) Tools d - a tinning kit (0:42) g - an uncursed oil lamp (0:1072) p - an uncursed blindfold s - an uncursed credit card T - an uncursed tin whistle Gems e - an uncursed worthless piece of green glass q - an uncursed touchstone y - an uncursed worthless piece of white glass Spells and supernatural/magical abilities: Name Level Category Fail Memory f - fireball 4 attack 100% 85% W - pray for help -- divine ? -- Your skills at the end: Fighting Skills Weapon Skills pick-axe [Skilled] whip [Basic] Spellcasting Skills Final Attributes: You were piously aligned. You were poison resistant. You were stunned. You were telepathic. You were stealthy. You aggravated monsters. You had polymorph control. You were a werejackal. You were fast. You were unlucky. You are dead. Vanquished creatures: a giant mimic a rock mole a fog cloud a shrieker a kobold mummy a red naga hatchling a golden naga hatchling a guardian naga hatchling a gray ooze a floating eye a kitten 3 hill orcs 3 giant bats 5 dwarf zombies a werejackal an iguana 3 acid blobs 7 manes a large kobold a brown mold a green mold 18 garter snakes a gnome zombie 9 jackals a kobold 2 goblins 6 sewer rats 5 grid bugs 3 bats 5 lichens a kobold zombie 11 newts 99 creatures vanquished. Voluntary challenges: You used a wielded weapon 108 times, starting on turn 2. You read items or engraved 14 times, starting on turn 1517. You never genocided any monsters. You never polymorphed an object. You changed form 1 time, starting on turn 4052. You used no wishes. You never split a pudding. You never wrote Elbereth's name. You violated your moral code, losing 1 point of alignment, starting on turn 5437. Dungeon overview: The Dungeons of Doom: levels 1 to 7 Level 1 some fountains a long staircase Level 2 a general store, an altar to Camaxtli, some fountains a long staircase Level 3 a general store Level 4 Level 5 many fountains Level 6 a fountain stairs to Sokoban Level 7 Sokoban: levels 2 to 5 Level 2 <- You were here Level 3 Level 4 Level 5 stairs to The Dungeons of Doom History has recorded: On T:1 you entered the Dungeons of Doom to retrieve the Amulet of Yendor! On T:539 you reached level 2 of The Dungeons of Doom. On T:943 you advanced to experience level 2. On T:1060 you reached level 3 of The Dungeons of Doom. On T:1661 you reached level 4 of The Dungeons of Doom. On T:1752 you advanced to experience level 3. On T:2030 you reached level 5 of The Dungeons of Doom. On T:2125 you advanced to experience level 4. On T:2292 you reached level 6 of The Dungeons of Doom. On T:2439 you reached level 4 of Sokoban. On T:2679 you advanced to experience level 5. On T:2807 you reached level 3 of Sokoban. On T:3340 you reached level 2 of Sokoban. On T:3724 you reached level 1 of Sokoban. On T:4214 you reached level 7 of The Dungeons of Doom. On T:4557 you advanced to experience level 6. Score breakdown: Gold: 359 ( 8695 points) Experience: 6 levels (12456 points) Exploration: 7 levels ( 13.21%) (10190 points) Discoveries: 10 items ( 3.37%) ( 5504 points) Valuables value: (no points given unless you survive) Artifact value: 0 ( 0 points) Variety of kills: 32 monsters ( 8.40%) ( 8694 points) Turncount: 5453 turns (-1482 points) Survival: died (score multiplied by 80%) Total score: 35245 Latest messages: The dwarf thrusts her dagger. The dwarf hits! You attack thin air. (2x) The dwarf thrusts her dagger. The dwarf hits! You attack thin air. You hit the dwarf. You attack thin air. The dwarf thrusts her dagger. The dwarf hits! The sleep ray bounces! The sleep ray hits you! You are hit! It hits! The combat suddenly awakens you. That is a silly thing to zap. The sleep ray bounces! The dwarf hits! You die... Final status: Goodbye zoologist the Archeologist, killed by a dwarf... You died in Sokoban on dungeon level 2 with 35245 points, and 359 pieces of gold, after 5453 moves. You were level 6 with a maximum of 40 hit points when you died.